AA
LAWRENCE PATRIOTS @ SAN FRANCISCO SEALS
09/05/2059
 
TOP OF THE 1ST
Lawrence Patriots batting - Pitching for San Francisco Seals : RHP Algernon Khair al Din
Pitching: RHP Algernon Khair al Din
Batting: RHB Malik Donnell 0-0: Swinging Strike
0-1: Foul Ball, location: 2F
0-2: Ground out 5-3 (Groundball, 56, EV 83.1 MPH)
Batting: LHB Trevon Morgan 0-0: Ball
1-0: Called Strike
1-1: Called Strike
1-2: Strikes out swinging
Batting: RHB Isaac Murphy 0-0: Ball
1-0: Ball
2-0: Foul Ball, location: 2F
2-1: SINGLE (Flyball, 34D, EV 84.4 MPH)
Batting: SHB Donovan Craven 0-0: Called Strike
0-1: Fly out, F8 (Flyball, 8LD, EV 103.1 MPH)
Top of the 1st over - 0 runs, 1 hit, 0 errors, 1 left on base; Lawrence 0 - San Francisco 0
BOTTOM OF THE 1ST
San Francisco Seals batting - Pitching for Lawrence Patriots : RHP Marcquise Dowd
Pitching: RHP Marcquise Dowd
Batting: SHB Irv Macura 0-0: SINGLE (Groundball, 6S, EV 68.8 MPH) (infield hit)
Batting: RHB Devon Roberson 0-0: Foul Ball, location: 2F
0-1: Ball
1-1: Called Strike
Irv Macura steals 2nd base
1-2: Ball
Wild Pitch!
Irv Macura to third
2-2: Strikes out swinging
Batting: RHB Landon Dyer 0-0: Ball
1-0: Called Strike
1-1: DOUBLE (Line Drive, 89D, EV 106.9 MPH)
Irv Macura scores
Batting: LHB Kurtis Schell 0-0: Ball
1-0: Ball
2-0: Called Strike
2-1: Fly out, F8 (Flyball, 8LD, EV 83.8 MPH)
Batting: RHB Kyle Phipps 0-0: Ball
1-0: Ball
2-0: Called Strike
2-1: Foul Ball, location: 2F
2-2: Foul Ball, location: 2F
2-2: Ball
3-2: Foul Ball, location: 2F
3-2: Ground out 3-1 (Groundball, 34, EV 98.8 MPH)
Bottom of the 1st over - 1 run, 2 hits, 0 errors, 1 left on base; Lawrence 0 - San Francisco 1
TOP OF THE 2ND
Lawrence Patriots batting - Pitching for San Francisco Seals : RHP Algernon Khair al Din
Batting: LHB Phillip Smith 0-0: Called Strike
0-1: Swinging Strike
0-2: Ball
1-2: Ball
2-2: Ground out 3-1 (Groundball, 34, EV 83.1 MPH)
Batting: SHB Porter Thompson 0-0: Ball
1-0: Called Strike
1-1: Foul Ball, location: 2F
1-2: Ball
2-2: Foul Ball, location: 2F
2-2: Foul Ball, location: 2F
2-2: Fly out, F9 (Flyball, 9D, EV 90.0 MPH)
Batting: RHB Obie Simbolon 0-0: Ball
1-0: Ground out 3-1 (Groundball, 34S, EV 71.2 MPH)
Top of the 2nd over - 0 runs, 0 hits, 0 errors, 0 left on base; Lawrence 0 - San Francisco 1
BOTTOM OF THE 2ND
San Francisco Seals batting - Pitching for Lawrence Patriots : RHP Marcquise Dowd
Batting: RHB Lee O'Connor 0-0: Foul Ball, location: 2F
0-1: Hit by Pitch
Batting: RHB Colby Caudill 0-0: Called Strike
0-1: Ball
1-1: Ball
2-1: Ball
3-1: Base on Balls
Lee O'Connor to second
Batting: LHB Cullen Bradford 0-0: Reached on error, E7 (Flyball, 78D, EV 78.1 MPH)
Lee O'Connor scores
Colby Caudill to third
Batting: RHB Simon Moody 0-0: Ball
1-0: Ground out 5-3 (Groundball, 5S, EV 91.9 MPH)
Batting: SHB Irv Macura 0-0: Ball
1-0: Foul Ball, location: 2F
1-1: Ball
2-1: Ball
3-1: Foul Ball, location: 2F
3-2: DOUBLE (Line Drive, 9LM, EV 108.8 MPH)
Colby Caudill scores
Cullen Bradford scores
Batting: RHB Devon Roberson 0-0: Ball
1-0: Fly out, F7 (Flyball, 7, EV 85.0 MPH)
Batting: RHB Landon Dyer 0-0: Ball
1-0: Called Strike
1-1: Ball
2-1: Fly out, F8 (Flyball, 78D, EV 103.1 MPH)
Bottom of the 2nd over - 3 runs, 1 hit, 1 error, 1 left on base; Lawrence 0 - San Francisco 4
TOP OF THE 3RD
Lawrence Patriots batting - Pitching for San Francisco Seals : RHP Algernon Khair al Din
Batting: LHB Jansen Stites 0-0: Ball
1-0: Swinging Strike
1-1: Ball
2-1: Ball
3-1: Base on Balls
Batting: RHB Lloyd Fair 0-0: Ball
1-0: Called Strike
1-1: SINGLE (Groundball, 34D, EV 102.5 MPH)
Jansen Stites to second
Throwing error, E9
Jansen Stites scores
Lloyd Fair to second
Batting: RHB Malik Donnell 0-0: Ball
1-0: Swinging Strike
1-1: Swinging Strike
1-2: Foul Ball, location: 2F
1-2: Strikes out looking
Batting: LHB Trevon Morgan 0-0: Ball
1-0: Called Strike
1-1: Ball
2-1: Foul Ball, location: 2F
2-2: Foul Ball, location: 2F
2-2: Ball
3-2: Foul Ball, location: 2F
3-2: Foul Ball, location: 2F
3-2: Base on Balls
Batting: RHB Isaac Murphy 0-0: Ball
1-0: Swinging Strike
1-1: Ball
2-1: Foul Ball, location: 2F
2-2: Strikes out swinging
Batting: SHB Donovan Craven 0-0: Foul Ball, location: 2F
0-1: Swinging Strike
0-2: Ball
1-2: Strikes out swinging
Top of the 3rd over - 1 run, 1 hit, 1 error, 2 left on base; Lawrence 1 - San Francisco 4
BOTTOM OF THE 3RD
San Francisco Seals batting - Pitching for Lawrence Patriots : RHP Marcquise Dowd
Batting: LHB Kurtis Schell 0-0: Ball
1-0: Ball
2-0: Called Strike
2-1: Foul Ball, location: 2F
2-2: Ball
3-2: SOLO HOME RUN (Flyball, 89XD, EV 103.1 MPH), Distance : 387 ft
Batting: RHB Kyle Phipps 0-0: Foul Ball, location: 2F
0-1: Called Strike
0-2: Foul Ball, location: 2F
0-2: Foul Ball, location: 2F
0-2: Strikes out looking
Batting: RHB Lee O'Connor 0-0: Ground out 5-3 (Groundball, 56S, EV 84.4 MPH)
Batting: RHB Colby Caudill 0-0: Ground out 4-3 (Groundball, 4, EV 108.1 MPH)
Bottom of the 3rd over - 1 run, 1 hit, 0 errors, 0 left on base; Lawrence 1 - San Francisco 5
TOP OF THE 4TH
Lawrence Patriots batting - Pitching for San Francisco Seals : RHP Algernon Khair al Din
Batting: LHB Phillip Smith 0-0: Fly out, F8 (Flyball, 8RXD, EV 83.8 MPH)
Batting: SHB Porter Thompson 0-0: Swinging Strike
0-1: Ball
1-1: Foul Ball, location: 2F
1-2: Foul Ball, location: 2F
1-2: Ball
2-2: Strikes out swinging
Batting: RHB Obie Simbolon 0-0: Called Strike
0-1: Ball
1-1: Ball
2-1: Ball
3-1: Base on Balls
Batting: LHB Jansen Stites 0-0: Foul Ball, location: 2F
0-1: Ball
1-1: Ball
2-1: Fielders Choice at 2nd, 6-4 (Groundball, 6, EV 84.4 MPH)
Top of the 4th over - 0 runs, 0 hits, 0 errors, 1 left on base; Lawrence 1 - San Francisco 5
BOTTOM OF THE 4TH
San Francisco Seals batting - Pitching for Lawrence Patriots : RHP Marcquise Dowd
Batting: LHB Cullen Bradford 0-0: Ball
1-0: Foul Ball, location: 2F
1-1: Ground out U3 (Groundball, 3, EV 84.4 MPH)
Batting: RHB Simon Moody 0-0: Ball
1-0: Ball
2-0: Ball
3-0: Called Strike
3-1: Fly out, F3 (Line Drive, 34, EV 65.0 MPH)
Batting: SHB Irv Macura 0-0: Ball
1-0: Called Strike
1-1: Foul Ball, location: 2F
1-2: Foul Ball, location: 2F
1-2: Ball
2-2: Ball
3-2: SINGLE (Groundball, 4MD, EV 101.2 MPH)
Batting: RHB Devon Roberson 0-0: Ball
Passed Ball!
Irv Macura to second
1-0: Ball
2-0: Ball
3-0: Called Strike
3-1: SINGLE (Line Drive, 78S, EV 91.9 MPH)
Irv Macura to third
Batting: RHB Landon Dyer 0-0: Foul Ball, location: 2F
0-1: Foul Ball, location: 2F
0-2: Foul Ball, location: 2F
0-2: Ball
1-2: Fly out, F8 (Flyball, 8LXD, EV 101.2 MPH)
Bottom of the 4th over - 0 runs, 2 hits, 0 errors, 2 left on base; Lawrence 1 - San Francisco 5
TOP OF THE 5TH
Lawrence Patriots batting - Pitching for San Francisco Seals : RHP Algernon Khair al Din
Pitching: LHP Kameron Saar
Batting: RHB Lloyd Fair 0-0: Fly out, F9 (Flyball, 9S, EV 83.8 MPH)
Batting: RHB Malik Donnell 0-0: Foul Ball, location: 2F
0-1: Foul Ball, location: 2F
0-2: Ball
1-2: Ball
2-2: Ball
3-2: Base on Balls
Batting: LHB Trevon Morgan 0-0: Ball
1-0: Called Strike
1-1: Ball
2-1: Ground out 4-3 (Groundball, 34D, EV 81.9 MPH)
Malik Donnell to second
Batting: RHB Isaac Murphy 0-0: Ball
1-0: Called Strike
1-1: Foul Ball, location: 2F
1-2: Ball
2-2: SINGLE (Groundball, 6D, EV 104.4 MPH)
Malik Donnell to third
Batting: SHB Donovan Craven 0-0: Ball
Passed Ball!
Malik Donnell scores
Isaac Murphy to second
1-0: Foul Ball, location: 2F
1-1: Foul Ball, location: 2F
1-2: Ball
2-2: Strikes out swinging
Top of the 5th over - 1 run, 1 hit, 0 errors, 1 left on base; Lawrence 2 - San Francisco 5
BOTTOM OF THE 5TH
San Francisco Seals batting - Pitching for Lawrence Patriots : RHP Marcquise Dowd
Batting: LHB Kurtis Schell 0-0: Ball
1-0: Ball
2-0: Ball
3-0: Reached on error, E5 (Groundball, 56, EV 83.8 MPH)
Batting: RHB Kyle Phipps 0-0: Swinging Strike
0-1: Ball
1-1: Ball
2-1: Called Strike
2-2: DOUBLE (Groundball, 5L, EV 96.9 MPH)
Kurtis Schell scores
Pitching: RHP Russ Williams
Batting: RHB Lee O'Connor 0-0: Called Strike
0-1: Swinging Strike
0-2: Strikes out looking
Batting: RHB Colby Caudill 0-0: Called Strike
0-1: Ball
1-1: Ball
2-1: Foul Ball, location: 2F
2-2: Ball
3-2: Fly out, F9 (Flyball, 9D, EV 81.9 MPH)
Runner from 2nd tags up, SAFE at 3rd, no throw by RF
Batting: LHB Cullen Bradford 0-0: Ball
1-0: Fly out, F9 (Flyball, 9S, EV 90.6 MPH)
Bottom of the 5th over - 1 run, 1 hit, 1 error, 1 left on base; Lawrence 2 - San Francisco 6
TOP OF THE 6TH
Lawrence Patriots batting - Pitching for San Francisco Seals : LHP Kameron Saar
Batting: LHB Phillip Smith 0-0: Called Strike
0-1: Ball
1-1: Ball
2-1: Foul Ball, location: 2F
2-2: Strikes out swinging
Batting: SHB Porter Thompson 0-0: Called Strike
0-1: Called Strike
0-2: Strikes out looking
Pitching: LHP Elliot Denton
Batting: RHB Obie Simbolon 0-0: Ball
1-0: Ball
2-0: Ball
3-0: Base on Balls
Batting: LHB Jansen Stites 0-0: Fielders Choice at 2nd, 5-4 (Groundball, 5, EV 87.5 MPH)
Top of the 6th over - 0 runs, 0 hits, 0 errors, 1 left on base; Lawrence 2 - San Francisco 6
BOTTOM OF THE 6TH
San Francisco Seals batting - Pitching for Lawrence Patriots : RHP Russ Williams
Batting: RHB Simon Moody 0-0: Ball
1-0: Foul Ball, location: 2F
1-1: Foul Ball, location: 2F
1-2: Ball
2-2: Strikes out swinging
Batting: SHB Irv Macura 0-0: Called Strike
0-1: Swinging Strike
0-2: Strikes out swinging
Batting: RHB Devon Roberson 0-0: Called Strike
0-1: Foul Ball, location: 2F
0-2: Ball
1-2: Foul Ball, location: 2F
1-2: Foul Ball, location: 2F
1-2: Ball
2-2: Fly out, F8 (Flyball, 8LD, EV 96.9 MPH)
Bottom of the 6th over - 0 runs, 0 hits, 0 errors, 0 left on base; Lawrence 2 - San Francisco 6
TOP OF THE 7TH
Lawrence Patriots batting - Pitching for San Francisco Seals : LHP Elliot Denton
Batting: RHB Lloyd Fair 0-0: Ball
1-0: Called Strike
1-1: Ball
2-1: Swinging Strike
2-2: Fly out, F9 (Flyball, 9D, EV 84.4 MPH)
Batting: RHB Malik Donnell 0-0: Called Strike
0-1: Ball
1-1: Called Strike
1-2: Strikes out swinging
Batting: LHB Trevon Morgan 0-0: Called Strike
0-1: Called Strike
0-2: Strikes out swinging
Top of the 7th over - 0 runs, 0 hits, 0 errors, 0 left on base; Lawrence 2 - San Francisco 6
BOTTOM OF THE 7TH
San Francisco Seals batting - Pitching for Lawrence Patriots : RHP Russ Williams
Batting: RHB Landon Dyer 0-0: Fly out, F9 (Flyball, 9S, EV 93.8 MPH)
Batting: LHB Kurtis Schell 0-0: Called Strike
0-1: Called Strike
0-2: Ball
1-2: SINGLE (Line Drive, 7S, EV 100.6 MPH)
Batting: RHB Kyle Phipps 0-0: Called Strike
0-1: Ball
1-1: Ball
2-1: Ball
3-1: Called Strike
3-2: Base on Balls
Kurtis Schell to second
Batting: RHB Lee O'Connor 0-0: Grounds into double play, 5-4-3 (Groundball, 56, EV 100.6 MPH)
Bottom of the 7th over - 0 runs, 1 hit, 0 errors, 1 left on base; Lawrence 2 - San Francisco 6
TOP OF THE 8TH
Lawrence Patriots batting - Pitching for San Francisco Seals : LHP Elliot Denton
Batting: RHB Isaac Murphy 0-0: Ball
1-0: Ball
2-0: Ball
3-0: Called Strike
3-1: Base on Balls
Batting: SHB Donovan Craven 0-0: Ball
1-0: Called Strike
1-1: Ball
2-1: Swinging Strike
2-2: Strikes out swinging
Batting: LHB Phillip Smith 0-0: Foul Ball, location: 2F
0-1: Ball
1-1: Ball
2-1: Foul Ball, location: 2F
2-2: Fly out, F9 (Flyball, 9LS, EV 78.8 MPH)
Batting: SHB Porter Thompson 0-0: Fly out, F8 (Line Drive, 8LD, EV 100.6 MPH)
Top of the 8th over - 0 runs, 0 hits, 0 errors, 1 left on base; Lawrence 2 - San Francisco 6
BOTTOM OF THE 8TH
San Francisco Seals batting - Pitching for Lawrence Patriots : RHP Russ Williams
Batting: RHB Colby Caudill 0-0: Swinging Strike
0-1: Foul Ball, location: 2F
0-2: Foul Ball, location: 2F
0-2: Strikes out looking
Batting: LHB Cullen Bradford 0-0: Ball
1-0: SINGLE (Flyball, 4D, EV 87.5 MPH)
Batting: RHB Simon Moody 0-0: Foul Ball, location: 2F
0-1: Ball
1-1: Ball
2-1: Foul Ball, location: 2F
2-2: Ball
3-2: Fly out, F9 (Flyball, 9LM, EV 88.8 MPH)
Batting: SHB Irv Macura 0-0: Ball
Cullen Bradford steals 2nd base
1-0: Ball
2-0: Called Strike
2-1: Ball
3-1: Base on Balls
Batting: RHB Devon Roberson 0-0: Ball
1-0: Ball
2-0: Called Strike
2-1: Ground out 5-3 (Groundball, 5S, EV 71.2 MPH)
Bottom of the 8th over - 0 runs, 1 hit, 0 errors, 2 left on base; Lawrence 2 - San Francisco 6
TOP OF THE 9TH
Lawrence Patriots batting - Pitching for San Francisco Seals : LHP Elliot Denton
Batting: RHB Obie Simbolon 0-0: Ball
1-0: Ball
2-0: Foul Ball, location: 2F
2-1: Foul Ball, location: 2F
2-2: Strikes out swinging
Batting: LHB Jansen Stites 0-0: Foul Ball, location: 2F
0-1: Called Strike
0-2: Strikes out swinging
Batting: RHB Lloyd Fair 0-0: Called Strike
0-1: Ball
1-1: Ground out 1-3 (Groundball, 15S, EV 65.0 MPH)
Top of the 9th over - 0 runs, 0 hits, 0 errors, 0 left on base; Lawrence 2 - San Francisco 6
Friday, March 29th , 2024 - OOTP Baseball 23.10 Build 110